 Dungeon Crawl Stone Soup version 0.31-a0-177-g4aa6249778 (webtiles) character file.

Game seed: 8535702571089944230

1502 Hajna the Covert (level 9, -5/47 HPs)
             Began as a Kobold Enchanter on June 19, 2023.
             Was an Initiate of Dithmenos.
             Killed from afar by a steam dragon (17 damage)
             ... with a ball of steam
             ... on level 7 of the Dungeon.
             The game lasted 00:23:41 (6887 turns).

Hajna the Covert (Kobold Enchanter)                 Turns: 6887, Time: 00:23:42

Health: -5/47      AC:  6    Str:  5    XL:     9   Next: 8%
Magic:  11/15      EV: 30    Int: 22    God:    Dithmenos [......]
Gold:   203        SH:  4    Dex: 19    Spells: 6/17 levels left

rFire   . . .        c - +1 dagger (freeze)
rCold   . . .        y - +0 buckler
rNeg    . . .        b - +0 robe
rPois   .            g - +0 helmet
rElec   .            q - +0 cloak
rCorr   .            B - +0 pair of gloves of Parlour Games {Int+5}
SInv    .            p - +0 pair of boots
Will    .....        l - amulet of the acrobat
Stlth   ++++++       i - +4 ring of slaying
HPRegen 0.27/turn    (no ring)
MPRegen 0.14/turn

%: acrobat
@: acrobatic
A: small, no large weapons, nightstalker 3
a: Renounce Religion


You were on level 7 of the Dungeon.
You worshipped Dithmenos.
Dithmenos was noncommittal.
You visited 2 branches of the dungeon, and saw 8 of its levels.

You collected 203 gold pieces.

Inventory:

Hand Weapons
 a - a +2 dagger
 c - a +1 dagger of freezing (weapon)
 D - a +1 dagger of venom
Missiles
 h - 16 poisoned darts
 k - 6 atropa-tipped darts
 n - a throwing net
Armour
 b - a +0 robe (worn)
 d - a +0 animal skin
 g - a +0 helmet (worn)
 p - a +0 pair of boots (worn)
 q - a +0 cloak (worn)
 t - a +1 pair of gloves
 y - a +0 buckler (worn)
 B - the +0 pair of gloves of Parlour Games (worn) {Int+5}
   (You found it on level 4 of the Dungeon)

   Int:       It affects your intelligence (+5).
Jewellery
 i - a +4 ring of slaying (left hand)
 l - an amulet of the acrobat (around neck)
 o - a ring of poison resistance
Wands
 j - a wand of paralysis (4)
 x - a wand of light (2)
Scrolls
 v - 2 scrolls of identify
 w - a scroll of teleportation
 E - a scroll of amnesia {unknown}
Potions
 e - 4 potions of curing
 f - 3 potions of heal wounds
 m - 2 potions of lignification {unknown}
 r - 4 potions of degeneration {unknown}
 s - a potion of ambrosia {unknown}
 u - a potion of magic {unknown}
 z - a potion of attraction {unknown}
 A - 2 potions of might {unknown}
 C - 2 potions of enlightenment


   Skills:
 + Level 1.3 Fighting
 + Level 3.9 Short Blades
 + Level 3.8 Dodging
 * Level 11.3 Stealth
 + Level 0.8 Shields
 + Level 4.5 Spellcasting
 + Level 4.5 Hexes
 + Level 2.8 Ice Magic


You had 6 spell levels left.
You knew the following spells:

 Your Spells              Type           Power      Damage    Failure   Level
a - Ensorcelled Hibernat  Hex/Ice        42%        N/A       6%          2
b - Confusing Touch       Hex            25%        N/A       9%          3
c - Tukima's Dance        Hex            25%        N/A       9%          3
d - Dazzling Flash        Conj/Hex       30%        N/A       24%         3

Your spell library contained the following spells:

 Spells                   Type           Power      Damage    Failure   Level
 Kiss of Death            Conj/Necr      20%        2d7       21%         1
 Passwall                 Tmut/Erth      4%         N/A       30%         2
 Swiftness                Air            5%         N/A       52%         3
 Dispel Undead            Necr           5%         3d7       89%         4


Dungeon Overview and Level Annotations

Branches:
Dungeon (7/15)             Temple (1/1) D:5

Altars:
Cheibriados
Dithmenos
Kikubaaqudgha
Makhleb
Qazlal
Sif Muna
Trog
Uskayaw
Vehumet
Xom
Yredelemnul
Zin

Shops:
D:7 *


Innate Abilities, Weirdness & Mutations

You are small and have problems with some larger weapons.
You are completely attuned to the shadows.


Message History

Where to? (Enter - D:5, ? - help)
There is a stone staircase leading down here.
You climb downwards.
There is a stone staircase leading up here.
Found Eqeum Dad's General Store.
There is an entrance to Eqeum Dad's General Store here.
You open the door.
A steam dragon and a bullfrog come into view.
There is an open door here.
The steam dragon hisses angrily.
The bullfrog gives a loud, deep croak!
The steam dragon misses you. You block the steam dragon's attack.
You hit the bullfrog. You freeze the bullfrog.
The bullfrog is moderately wounded.
The bullfrog misses you. The bullfrog misses you.
The steam dragon breathes steam at you. The ball of steam hits you!
The bullfrog hits you!
You hear a shout!
Something shouts, "Begone, thou droning spur-galled pustule!"
An orc comes into view. It is wielding a +0 short sword.
There is an open door here.
The bullfrog attacks as you move away! The bullfrog barely misses you.
The bullfrog completely misses you.
The bullfrog looks drowsy...
The helpless bullfrog fails to defend itself.
You spit the bullfrog like a pig!!!! You freeze the bullfrog.
You kill the bullfrog!
Dithmenos accepts your kill.
The orc looks drowsy...
The steam dragon breathes steam at you.
The ball of steam hits the orc!
The orc dies!
The ball of steam hits you!
* * * LOW HITPOINT WARNING * * *
You are engulfed in a cloud of scalding steam.
* * * LOW HITPOINT WARNING * * *
An orc comes into view. It is wielding a +0 club.
The steam dragon breathes steam at you. The ball of steam hits you!
You die...

##### ...#
###.######
#..D@§§§.#########
#.'#####.##......#
#.#§D.≈#.##.####.#
.o.#F..≈#.##.####.#
#####...≈#......##.#
#...≈####.#.##.#
#≈≈≈≈# #......#
###∩#### #.#


You could see a steam dragon (catching breath) and an orc.

Vanquished Creatures
  A water moccasin (D:4)
  An ice beast (D:6)
  A black bear (D:6)
  A gnoll sergeant (D:5)
  3 scorpions
  A bullfrog (D:7)
  A wight (D:5)
  A howler monkey (D:6)
  A human zombie (D:5)
  A jelly (D:6)
  3 bullfrog zombies (D:5)
  3 orc priests (D:4)
  A gnoll bouda (D:6)
  2 hounds
  3 iguanas (D:5)
  An orc wizard (D:6)
  A scorpion zombie (D:5)
  A killer bee zombie (D:5)
  2 hound zombies (D:5)
  3 mummies (D:5)
  Robin (D:2)
  11 gnolls
  5 adders
  A white imp (D:6)
  An ufetubus (D:5)
  6 dart slugs
  10 orcs
  5 endoplasms
  4 giant cockroaches
  15 goblins
  8 hobgoblins
  8 jackals (D:4)
  8 quokkas
  6 ball pythons
  3 bats
  2 frilled lizards
  8 kobolds
  8 rats
142 creatures vanquished.

Vanquished Creatures (others)
  An orc (D:7)
1 creature vanquished.

Grand Total: 143 creatures vanquished

Notes
Turn   | Place    | Note
-------+----------+-------------------------------------------
     0 | D:1      | Hajna the Kobold Enchanter began the quest for the Orb.
     0 | D:1      | Reached XP level 1. HP: 10/10 MP: 3/3
   106 | D:1      | Reached XP level 2. HP: 7/15 MP: 5/5
   109 | D:1      | Learned a level 2 spell: Ensorcelled Hibernation
   585 | D:1      | Reached XP level 3. HP: 19/19 MP: 3/6
  1106 | D:2      | Reached skill level 5 in Stealth
  1153 | D:2      | Noticed Robin
  1184 | D:2      | Reached XP level 4. HP: 24/24 MP: 2/7
  1224 | D:2      | Reached skill level 1 in Ice Magic
  1227 | D:2      | Killed Robin
  1337 | D:2      | Learned a level 3 spell: Confusing Touch
  1341 | D:2      | Learned a level 3 spell: Tukima's Dance
  1537 | D:2      | Found a faded altar of an unknown god.
  1542 | D:2      | Prayed at the altar of an unknown god.
  1542 | D:2      | Became a worshipper of Sif Muna the Loreminder
  1542 | D:2      | Reached * piety under Sif Muna
  1719 | D:2      | Reached XP level 5. HP: 28/28 MP: 9/9
  1839 | D:2      | Found a stormy altar of Qazlal.
  2352 | D:3      | Identified the +2 hand axe of the Snake Pit {speed, Fragile
                  | Int+4}
  2584 | D:4      | Reached skill level 6 in Stealth
  2586 | D:4      | Reached ** piety under Sif Muna
  2913 | D:4      | Reached XP level 6. HP: 16/33 MP: 1/10
  3027 | D:4      | Found a shimmering altar of Xom.
  3270 | D:4      | Identified the +0 pair of gloves of Parlour Games {Int+5}
  3289 | D:4      | Noticed a water moccasin
  3294 | D:4      | Killed a water moccasin
  3295 | D:4      | Reached skill level 7 in Stealth
  3472 | D:4      | Learned a level 3 spell: Dazzling Flash
  3792 | D:4      | Found a bloodstained altar of Trog.
  3792 | D:4      | Found a hide-covered altar of Uskayaw.
  3883 | D:5      | Entered Level 5 of the Dungeon
  3935 | D:5      | Reached XP level 7. HP: 37/37 MP: 11/11
  4042 | D:5      | Reached skill level 8 in Stealth
  4119 | D:5      | Found a basalt altar of Yredelemnul.
  4223 | D:5      | Reached XP level 8. HP: 42/42 MP: 13/13
  4432 | D:5      | Reached skill level 9 in Stealth
  4496 | D:5      | Found a staircase to the Ecumenical Temple.
  4690 | D:5      | Reached *** piety under Sif Muna
  4738 | D:5      | Found a burning altar of Makhleb.
  4901 | Temple   | Entered the Ecumenical Temple
  5013 | Temple   | Fell from the grace of Sif Muna
  5013 | Temple   | Became a worshipper of Dithmenos the Shadowed
  5644 | D:5      | Reached skill level 1 in Fighting
  5840 | D:6      | Reached skill level 10 in Stealth
  6478 | D:6      | Reached skill level 11 in Stealth
  6478 | D:6      | Reached XP level 9. HP: 47/47 MP: 8/15
  6837 | D:7      | Found Eqeum Dad's General Store.
  6887 | D:7      | Killed from afar by a steam dragon

Illustrated notes

Levels and vault maps discovered:
D:1:      nzn_arrival_water_spiral, layout_rooms
D:2:      layout_rooms, ebering_ecumenical_altar_hall, basic_altar,
          serial_bayou, serial_bayou_shore_a, serial_bayou_lagoon_b,
          serial_bayou_shore_b, serial_bayou_pond_a,
          chequers_serial_rivers_room_a, serial_park_tiny_2, uniq_robin
D:3:      kennysheep_the_goblin_king, layout_rooms
D:4:      layout_loops_corners, mainiacjoe_overflow_tiny_flanked,
          gammafunk_temple_overflow_elements
D:5:      layout_loops_corners, lemuel_mausoleum_altar_yredelemnul,
          lightli_temple_of_fire, temple_statues
D:6:      layout_cave_pods
D:7:      layout_loops_cross, nicolae_ru_sacrificial_ziggurat, serial_shops,
          shop, chequers_serial_rivers_room_a
Temple:   bh_familiar_temple

Skill      XL: |  1  2  3  4  5  6  7  8 |
---------------+-------------------------+-----
Stealth        | 5 6 7 8 11 | 11.3
Ice Magic      | 1 2 |  2.8
Spellcasting   | 3 4 |  4.5
Hexes          | 4 |  4.5
Dodging        | 3 |  3.8
Short Blades   | 3 |  3.9
Fighting       | 1 |  1.3
Shields        | |  0.8

Action                     |  1- 3 |  4- 6 |  7- 9 || total
---------------------------+-------+-------+-------++-------
  Melee: Dagger            |    73 |   104 |   107 ||   284
   Cast: Ensorcelled Hiber |    20 |    22 |    27 ||    69
         Confusing Touch   |       |     3 |     8 ||    11
         Dazzling Flash    |       |       |     1 ||     1
    Use: Potion            |     2 |     1 |     2 ||     5
         Scroll            |     2 |       |     7 ||     9
   Stab: Sleeping          |    17 |    36 |    30 ||    83
         Invisible         |     2 |       |     1 ||     3
         Distracted        |     1 |     1 |       ||     2
         Confused          |       |       |     5 ||     5
 Armour: Robe              |     5 |    14 |    12 ||    31
  Dodge: Dodged            |    62 |    56 |    99 ||   217
  Block: Buckler           |       |    13 |    32 ||    45

Table legend: (Time is in decaauts)
 A = Elapsed time spent in this place.
 B = Non-inter-level travel time spent in this place.
 C = Inter-level travel time spent in this place.
 D = Time resting spent in this place.
 E = Time spent auto-exploring this place.
 F = Levels seen in this place.
 G = Mean time per level.
                   A        B        C        D        E       F      G
               +--------+--------+--------+--------+--------+-----+--------+
         Total |   6931 |   6841 |     90 |      0 |   5457 |   8 |  866.4 |
       Dungeon |   6775 |   6685 |     90 |      0 |   5414 |   7 |  967.9 |
        Temple |    155 |    155 |      0 |      0 |     43 |   1 |  155.0 |
               +--------+--------+--------+--------+--------+-----+--------+

Top non-repeatable levels by time:
     D:5: 1702 daAuts
     D:4: 1320 daAuts
     D:2: 1126 daAuts
     D:6: 1085 daAuts
     D:1: 953 daAuts
     D:3: 532 daAuts
  Temple: 155 daAuts
     D:7: 55 daAuts
